[Event "Titled Tuesday Blitz June 21 Late 2022"]
[White "Svicevic, Rastko"]
[Black "Estrada Nieto, Julian"]
[WhiteFideId "916315"]
[BlackFideId "5101018"]
[WhiteElo "2049"]
[BlackElo "2252"]
[Result "1-0"]
[Round "03"]
[TimeControl "180+1"]
[Date "2022.06.22"]
[WhiteClock "0:00:14"]
[BlackClock "0:00:20"]

1. d4 d5 2. Bg5 h6 3. Bh4 c6 4. e3 Qb6 5. b3 e5 6. c3 e4 7. Nd2 Ne7 8. Ne2 Nf5 9. Bg3 Ba3 10. Qc2 Be6 11. Nf4 Nd7 12. Be2 O-O 13. Nxe6 fxe6 14. O-O Nxg3 15. hxg3 a5 16. f4 exf3 17. gxf3 Bd6 18. Kg2 Qd8 19. Rh1 Nf6 20. Qg6 Qe8 21. Rxh6 Qxg6 22. Rxg6 a4 23. b4 Kf7 24. Rg5 b6 25. e4 Be7 26. e5 Ne4 27. Nxe4 dxe4 28. Rg4 exf3+ 29. Bxf3 Rac8 30. Rf4+ Kg8 31. Bg4 Rxf4 32. Bxe6+ Kf8 33. gxf4 Rd8 34. Kf3 g6 35. Ke4 Kg7 36. Rg1 Rh8 37. Bf5 Rh6 38. d5 cxd5+ 39. Kxd5 Kf7 40. Bxg6+ Rxg6 41. Rxg6 Kxg6 42. Ke6 Bh4 43. f5+ Kg7 44. Kd7 b5 45. Kc6 Bg3 46. e6 Kf6 47. Kxb5 a3 48. Kc6 Be1 49. Kd7 Bxc3 50. e7 Bxb4 51. e8=Q Kxf5 52. Qe6+ Kf4 53. Qc4+ Ke3 54. Qxb4 Kd3 55. Qxa3+ Kc2 56. Qb3+ Kc1 57. a4 1-0


[Site "https://www.chess.com"]

[Event "Titled Tuesday Blitz June 21 Late 2022"]
[White "Swiercz, Dariusz"]
[Black "Krishnan, Varun"]
[WhiteFideId "1126881"]
[BlackFideId "5054508"]
[WhiteElo "2627"]
[BlackElo "2592"]
[Result "1-0"]
[Round "03"]
[TimeControl "180+1"]
[Date "2022.06.21"]
[WhiteClock "0:00:11"]
[BlackClock "0:00:03"]

1. d4 d5 2. c4 e6 3. Nf3 Nf6 4. Bg5 Be7 5. e3 O-O 6. Nc3 b6 7. cxd5 exd5 8. Bd3 Bb7 9. O-O h6 10. Bh4 Ne4 11. Bxe7 Qxe7 12. Rc1 Nd7 13. Qe2 c5 14. Ba6 Bxa6 15. Qxa6 Nxc3 16. Rxc3 c4 17. b3 cxb3 18. axb3 Nf6 19. Rfc1 Ne4 20. Rc7 Qb4 21. Qa4 a5 22. h3 b5 23. Qxb4 axb4 24. Rb7 Nc3 25. Re1 Ra3 26. Ne5 Rxb3 27. Nd7 Rd8 28. Ne5 Rf8 29. Nd7 Rd8 30. Ne5 f6 31. Nd3 Ne4 32. Nc5 Nxc5 33. dxc5 Rc3 34. Rxb5 Rc8 35. Rxb4 R3xc5 36. Rd4 Kf7 37. g4 Ke6 38. Kg2 Rc1 39. Re2 R8c2 40. Rxc2 Rxc2 41. Ra4 Rc6 42. h4 g6 43. Kf3 f5 44. Ra8 fxg4+ 45. Kxg4 Rc4+ 46. Kg3 d4 47. Ra6+ Kf7 48. Rd6 dxe3 49. fxe3 Re4 50. Rd3 Kf6 51. Ra3 Kf7 52. Ra7+ Kf6 53. Ra6+ Re6 54. Ra3 Re5 55. Rb3 Re6 56. Kf4 Re5 57. Rb6+ Re6 58. Rb5 Re7 59. e4 Re6 60. Ra5 Re7 61. Ra6+ Kg7 62. e5 g5+ 63. hxg5 hxg5+ 64. Kf5 g4 65. Rg6+ Kf7 66. Rxg4 Ra7 67. Rh4 Ra1 68. Rh7+ Ke8 69. Rb7 Rh1 70. Ke4 Re1+ 71. Kd5 Ra1 72. Rc7 Ra5+ 73. Ke6 Ra6+ 74. Kd5 Ra5+ 75. Ke4 Ra1 76. Rh7 Ra6 77. Kf5 Rb6 78. Rg7 Ra6 79. Rg8+ Kf7 80. Rb8 Ra1 81. Rb7+ Ke8 82. Kf6 Rh1 83. Rb8+ Kd7 84. e6+ Kd6 85. Rd8+ Kc7 86. e7 Rf1+ 87. Kg5 Rg1+ 88. Kh4 Rh1+ 89. Kg3 Rg1+ 90. Kh2 1-0


[Site "https://www.chess.com"]

[Event "Titled Tuesday Blitz June 21 Late 2022"]
[White "Tang, Zoey"]
[Black "Yedidia, Daniel"]
[WhiteFideId "30952530"]
[BlackFideId "30905907"]
[WhiteElo "1636"]
[BlackElo "2590"]
[Result "0-1"]
[Round "03"]
[TimeControl "180+1"]
[Date "2022.06.22"]
[WhiteClock "0:00:02"]
[BlackClock "0:00:42"]

1. Nf3 Nf6 2. g3 b6 3. Bg2 Bb7 4. c4 e6 5. b3 Be7 6. Bb2 O-O 7. O-O Qc8 8. d4 d5 9. Nbd2 dxc4 10. Nxc4 Rd8 11. Rc1 Nbd7 12. e3 c5 13. Qe2 Qb8 14. Rfd1 cxd4 15. Rxd4 Nc5 16. Rcd1 Qc7 17. Nce5 Rxd4 18. exd4 Nce4 19. Rc1 Qb8 20. Nd2 Nxd2 21. Nc6 Bxc6 22. Bxc6 Nde4 23. Bxe4 Nxe4 24. Qxe4 Qd8 25. f4 Rc8 26. Rd1 Bf6 27. f5 Qd5 28. Qxd5 exd5 29. Ba3 Rc2 30. Bd6 Rxa2 31. Be5 Bg5 32. h4 Be3+ 33. Kh1 f6 34. Bf4 Bxf4 35. gxf4 Rf2 36. Rc1 h5 37. Rc8+ Kh7 38. Rc7 Rxf4 39. Rxa7 Rxh4+ 40. Kg2 Rxd4 41. Rb7 Rb4 42. Rd7 d4 43. Kf2 Kh6 44. Ke2 Rxb3 45. Rxd4 Kg5 46. Rd7 Kxf5 47. Rxg7 h4 48. Rh7 h3 49. Rg7 h2 50. Rh7 Rb2+ 51. Kd3 Kf4 0-1


[Site "https://www.chess.com"]

[Event "Titled Tuesday Blitz June 21 Late 2022"]
[White "Tari, Aryan"]
[Black "Kanyamarala, Tarun"]
[WhiteFideId "1510045"]
[BlackFideId "45004714"]
[WhiteElo "2567"]
[BlackElo "2219"]
[Result "1-0"]
[Round "03"]
[TimeControl "180+1"]
[Date "2022.06.21"]
[WhiteClock "0:00:12"]
[BlackClock "0:00:01"]

1. d4 f5 2. g4 d5 3. Nc3 Nf6 4. g5 Ne4 5. Nxe4 fxe4 6. Bf4 c5 7. e3 Nc6 8. c3 e5 9. dxe5 Be7 10. Bh3 O-O 11. Bxc8 Rxc8 12. Qg4 d4 13. Ne2 d3 14. Ng3 Qd5 15. O-O c4 16. h4 Rce8 17. Nf5 Nxe5 18. Bxe5 Qxe5 19. Ng3 Bd6 20. Kg2 Qd5 21. Rad1 Rf3 22. Rd2 Ref8 23. Nxe4 R3f4 24. exf4 Qxe4+ 25. Qf3 Rxf4 26. Qxe4 Rxe4 27. Kf3 Rf4+ 28. Ke3 Rxh4 29. f4 Rh3+ 30. Ke4 b5 31. b3 Bc5 32. bxc4 bxc4 33. Kd5 Be3 34. Rdd1 Rh2 35. Kxc4 Rxa2 36. Rxd3 Bb6 37. f5 Ra4+ 38. Kb3 Re4 39. g6 hxg6 40. fxg6 Re6 41. Rg3 Rc6 42. Rg4 Rc8 43. Rh4 Ba5 44. Rh3 Rc6 45. Rg3 Rb6+ 46. Kc2 Rc6 47. Re1 Rc8 48. Rge3 Kf8 49. Rf1+ Kg8 50. Rf5 Bb6 51. Re7 1-0


[Site "https://www.chess.com"]

[Event "Titled Tuesday Blitz June 21 Late 2022"]
[White "Thiel, Thomas"]
[Black "Melaugh, Shane"]
[WhiteFideId "4615964"]
[BlackFideId "2509580"]
[WhiteElo "2232"]
[BlackElo "1972"]
[Result "0-1"]
[Round "03"]
[TimeControl "180+1"]
[Date "2022.06.22"]
[WhiteClock "0:00:01"]
[BlackClock "0:00:06"]

1. e4 e6 2. d4 d5 3. Nc3 Nf6 4. Bg5 Bb4 5. e5 h6 6. Bd2 Bxc3 7. bxc3 Ne4 8. Bc1 c5 9. Ne2 Qa5 10. f3 Ng5 11. h4 Nh7 12. dxc5 Nc6 13. f4 Qxc5 14. a4 Nf8 15. Qd3 Ng6 16. Ba3 Qa5 17. Bd6 Bd7 18. h5 Nge7 19. Nd4 Nxd4 20. Qxd4 Nf5 21. Qb4 Qb6 22. Qxb6 axb6 23. Bb4 Rxa4 24. Rxa4 Bxa4 25. Kd2 Ng3 26. Rg1 Nxh5 27. Bd3 Nxf4 28. Ra1 Nxd3 29. cxd3 b5 30. c4 Kd7 31. cxb5 Bxb5 32. Rc1 Bc6 33. Ra1 f6 34. d4 f5 35. g3 g5 36. Rh1 Ke8 37. Ke3 Kf7 38. Bd2 Kg6 39. Ra1 Bb5 40. Rb1 Bc6 41. Ra1 h5 42. Ra7 Rf8 43. Kf2 Rf7 44. Ra8 Rg7 45. Rd8 Bb5 46. Rd6 Kf7 47. Rb6 Bc6 48. Rb4 Rg8 49. Rb6 h4 50. gxh4 gxh4 0-1


[Site "https://www.chess.com"]

[Event "Titled Tuesday Blitz June 21 Late 2022"]
[White "Tica, Sven"]
[Black "Vujic, Mihailo"]
[WhiteFideId "14526948"]
[BlackFideId "918873"]
[WhiteElo "2346"]
[BlackElo "2256"]
[Result "1-0"]
[Round "03"]
[TimeControl "180+1"]
[Date "2022.06.22"]
[WhiteClock "0:01:11"]
[BlackClock "0:00:03"]

1. d4 d5 2. Nc3 Nf6 3. Bf4 e6 4. Nb5 Na6 5. a3 c6 6. Nc3 Bd6 7. Bxd6 Qxd6 8. e3 Nc7 9. Nf3 O-O 10. Bd3 Nd7 11. e4 e5 12. O-O dxe4 13. Nxe4 Qe7 14. Re1 f5 15. Bc4+ Nd5 16. Nc3 Nb6 17. Rxe5 Qf6 18. Nxd5 cxd5 19. Bd3 f4 20. Qe1 Bg4 21. Nd2 f3 22. g3 Qh6 23. Qe3 Qxe3 24. Rxe3 Rae8 25. Rae1 Rxe3 26. Rxe3 h6 27. b3 a5 28. c4 dxc4 29. bxc4 Nd7 30. Be4 b6 31. Bxf3 Bxf3 32. Rxf3 Rd8 33. Rb3 Nf6 34. d5 Nd7 35. Nf3 Rb8 36. Nd4 Nc5 37. Re3 Rc8 38. Nc6 Rf8 39. f4 Kh7 40. Kg2 Rf7 41. h4 Rd7 42. f5 b5 43. Nxa5 bxc4 44. Nxc4 Rxd5 45. Re5 Rxe5 46. Nxe5 h5 47. Kf3 Kh6 48. Kf4 Na4 49. Nf7+ Kh7 50. Kg5 Nb6 51. Kxh5 Nd5 52. a4 Nf6+ 53. Kg5 Ne4+ 54. Kf4 Nc5 55. a5 g6 56. fxg6+ Kxg6 57. Ne5+ Kh5 58. Nf3 Na6 59. g4+ Kh6 60. Ne5 Nc5 61. Kf5 Kg7 62. h5 Kh7 63. g5 Kg7 64. h6+ Kh7 65. Nf7 Kg8 66. g6 Nd7 67. h7+ Kf8 68. h8=Q+ Ke7 69. Qd8# 1-0


[Site "https://www.chess.com"]

[Event "Titled Tuesday Blitz June 21 Late 2022"]
[White "Tsvetkov, Andrey"]
[Black "Cappelletto, Joshuaede"]
[WhiteFideId "34139360"]
[BlackFideId "2824383"]
[WhiteElo "2280"]
[BlackElo "1761"]
[Result "1-0"]
[Round "03"]
[TimeControl "180+1"]
[Date "2022.06.22"]
[WhiteClock "0:01:51"]
[BlackClock "0:00:33"]

1. d4 g6 2. e4 Bg7 3. c4 d6 4. Nc3 c5 5. d5 Nf6 6. Bd3 e6 7. h3 exd5 8. exd5 O-O 9. Nge2 a6 10. O-O Nbd7 11. f4 Rb8 12. a4 Re8 13. Qc2 b5 14. axb5 axb5 15. Nxb5 Nb6 16. Nbc3 Nh5 17. Bd2 Nd7 18. Rae1 Ba6 19. Kh2 Qb6 20. Rb1 Re7 21. Ng1 Rbe8 22. Nf3 Bc8 23. Rbe1 Rxe1 24. Rxe1 Rxe1 25. Nxe1 Qd8 26. Nb5 Qh4 27. Nf3 Qg3+ 28. Kh1 Nxf4 29. Be1 Qxg2+ 30. Qxg2 Nxg2 31. Kxg2 Bxb2 32. Nxd6 Ba6 33. Bf2 1-0


[Site "https://www.chess.com"]

[Event "Titled Tuesday Blitz June 21 Late 2022"]
[White "Urbina Perez, Juan Antonio"]
[Black "Isajevsky, Anton"]
[WhiteFideId "2217368"]
[BlackFideId "4142500"]
[WhiteElo "2192"]
[BlackElo "2510"]
[Result "0-1"]
[Round "03"]
[TimeControl "180+1"]
[Date "2022.06.22"]
[WhiteClock "0:00:15"]
[BlackClock "0:00:41"]

1. e4 c5 2. Nf3 d6 3. d4 cxd4 4. Nxd4 Nf6 5. Nc3 a6 6. Be3 e5 7. Nb3 Be7 8. Qd2 O-O 9. f4 b5 10. O-O-O Bb7 11. Bd3 Nc6 12. a3 b4 13. axb4 Nxb4 14. Kb1 a5 15. fxe5 dxe5 16. Nc5 Bc6 17. Bc4 Qc7 18. Nd3 Nxe4 19. Nxe4 Bxe4 20. Nxb4 axb4 21. Bd3 Qa5 22. c3 Qa1+ 23. Kc2 b3+ 0-1


[Site "https://www.chess.com"]

[Event "Titled Tuesday Blitz June 21 Late 2022"]
[White "Vidonyak, Roman"]
[Black "Sailer, Mike"]
[WhiteFideId "14100622"]
[BlackFideId "2012901"]
[WhiteElo "2354"]
[BlackElo "2109"]
[Result "1-0"]
[Round "03"]
[TimeControl "180+1"]
[Date "2022.06.22"]
[WhiteClock "0:01:59"]
[BlackClock "0:01:17"]

1. d4 d5 2. c4 Bf5 3. cxd5 Bxb1 4. Rxb1 Qxd5 5. Nf3 Nc6 6. e3 O-O-O 7. b4 e5 8. b5 Bb4+ 9. Nd2 Bxd2+ 10. Bxd2 Nce7 11. dxe5 Qxe5 12. Qc2 Nf6 13. Be2 h5 14. O-O Ng4 15. f4 Qf5 16. e4 Rxd2 17. Qxd2 Qc5+ 18. Kh1 Nf2+ 19. Rxf2 Qxf2 20. Bg4+ hxg4 21. Qxf2 1-0


[Site "https://www.chess.com"]

[Event "Titled Tuesday Blitz June 21 Late 2022"]
[White "Vivas Zamora, Fabian Ernesto"]
[Black "Aldokhin, Ivan"]
[WhiteFideId "3902480"]
[BlackFideId "24115720"]
[WhiteElo "2014"]
[BlackElo "2231"]
[Result "1-0"]
[Round "03"]
[TimeControl "180+1"]
[Date "2022.06.22"]
[WhiteClock "0:00:18"]
[BlackClock "0:00:06"]

1. e4 e6 2. d4 d5 3. Nd2 c5 4. Ngf3 Nc6 5. exd5 Qxd5 6. Bc4 Qd8 7. Nb3 cxd4 8. Nfxd4 Nxd4 9. Nxd4 Qc7 10. Bb3 a6 11. Qf3 Bd6 12. O-O Nf6 13. h3 Bd7 14. Bg5 Be5 15. Rad1 h6 16. Bh4 O-O-O 17. Rfe1 Rhf8 18. Rd3 Bxd4 19. Rxd4 Bc6 20. Rxd8+ Rxd8 21. Qc3 Nd5 22. Qxg7 Re8 23. Bg3 Qa5 24. c3 Re7 25. Qxh6 Qc5 26. Qh8+ Re8 27. Qe5 1-0


[Site "https://www.chess.com"]

[Event "Titled Tuesday Blitz June 21 Late 2022"]
[White "Wagner, Dennis"]
[Black "Holt, Conrad"]
[WhiteFideId "24650684"]
[BlackFideId "2034387"]
[WhiteElo "2355"]
[BlackElo "2586"]
[Result "0-1"]
[Round "03"]
[TimeControl "180+1"]
[Date "2022.06.21"]
[WhiteClock "0:00:06"]
[BlackClock "0:00:24"]

1. e4 e6 2. d4 d5 3. e5 c5 4. c3 Nc6 5. Nf3 Bd7 6. Be2 f6 7. O-O Qc7 8. Re1 fxe5 9. Nxe5 Nxe5 10. dxe5 O-O-O 11. b4 Qxe5 12. Bg4 Qc7 13. Bxe6 Nf6 14. Na3 cxb4 15. cxb4 Bxb4 16. Nb5 Qc5 17. Bf4 Qxb5 18. Rc1+ Bc5 19. Qd3 Qc6 20. Rxc5 Qxc5 21. Bxd7+ Rxd7 22. Rc1 Qxc1+ 23. Bxc1 Kb8 24. Bf4+ Ka8 25. h3 d4 26. g4 Re8 27. Kg2 a6 28. Bg5 Ne4 29. Bf4 Rf7 30. Bh2 Rxf2+ 31. Kg1 Rd2 32. Qb3 Ng5 33. Bf4 Re1# 0-1


[Site "https://www.chess.com"]

[Event "Titled Tuesday Blitz June 21 Late 2022"]
[White "Wagner, Dinara"]
[Black "Gorodetzky, David"]
[WhiteFideId "24157570"]
[BlackFideId "2813416"]
[WhiteElo "2216"]
[BlackElo "2494"]
[Result "0-1"]
[Round "03"]
[TimeControl "180+1"]
[Date "2022.06.21"]
[WhiteClock "0:00:02"]
[BlackClock "0:00:08"]

1. d4 Nf6 2. c4 a6 3. g3 b5 4. Bg2 c6 5. b3 d5 6. Nf3 Bf5 7. Bb2 e6 8. Nbd2 h6 9. O-O Nbd7 10. Rc1 Bd6 11. Re1 O-O 12. Ne5 bxc4 13. bxc4 Bxe5 14. dxe5 Ng4 15. Nf3 Qb6 16. Bd4 c5 17. Ba1 d4 18. Nh4 Rad8 19. Nxf5 exf5 20. f4 Ne3 21. Qd3 f6 22. Rb1 Qe6 23. Qxe3 dxe3 24. Bd5 Rfe8 25. Bxe6+ Rxe6 26. Rb3 fxe5 27. fxe5 Nb6 28. Rc1 Rd2 29. Rxe3 Rxa2 30. Bc3 Nxc4 31. Rd3 Rxe2 32. Rd8+ Kh7 33. Rd7 Ne3 34. Rb1 Rg2+ 35. Kh1 Rc2 36. Bd2 Nc4 37. Rbb7 Rg6 38. Bf4 Re2 39. Rbc7 Nxe5 40. Re7 Re1+ 41. Kg2 Nd3 42. Rxe1 Nxe1+ 43. Kf1 Nd3 44. Bd2 f4 45. gxf4 Rf6 46. Bc3 Rxf4+ 47. Ke2 Ne5 48. Rxc5 Re4+ 49. Kd2 Nf3+ 50. Kd3 Re6 51. Rc7 Rg6 52. Ke4 Nxh2 53. Ra7 Ng4 54. Kf4 h5 55. Kg3 Nf6+ 56. Kh4 Rg4+ 57. Kh3 Nd5 58. Bd4 Nf4+ 59. Kh2 Ne6 60. Be5 Re4 61. Bc3 Re2+ 62. Kg1 h4 63. Rxa6 Ng5 64. Ra7 Ne6 65. Re7 Re4 66. Kh2 Re2+ 67. Kh3 Nf4+ 68. Kg4 Rxe7 69. Kxf4 Rc7 70. Be5 Rc4+ 71. Kg5 h3 72. Kh5 Rc5 73. Kh4 Rxe5 0-1


[Site "https://www.chess.com"]

[Event "Titled Tuesday Blitz June 21 Late 2022"]
[White "Wang, Isaac"]
[Black "Baches Garcia, Guillermo"]
[WhiteFideId "30977185"]
[BlackFideId "2209764"]
[WhiteElo "2302"]
[BlackElo "2464"]
[Result "1/2-1/2"]
[Round "03"]
[TimeControl "180+1"]
[Date "2022.06.22"]
[WhiteClock "0:00:34"]
[BlackClock "0:00:22"]

1. d4 Nf6 2. c4 e6 3. Nc3 d5 4. cxd5 Nxd5 5. e4 Nxc3 6. bxc3 c5 7. Nf3 cxd4 8. cxd4 Bb4+ 9. Bd2 Bxd2+ 10. Qxd2 O-O 11. Bc4 Nd7 12. O-O b6 13. Rac1 Bb7 14. Rfe1 Rc8 15. Bd3 Qe7 16. Qf4 Nf6 17. h3 h6 18. e5 Nd5 19. Qe4 g6 20. Qg4 Kg7 21. Nh4 Qg5 22. Qxg5 hxg5 23. Nf3 Nb4 24. Rxc8 Rxc8 25. Be4 Bxe4 26. Rxe4 Nxa2 27. Nxg5 b5 28. Rf4 Rc7 29. Rf3 b4 30. Ne4 Rc1+ 31. Kh2 Nc3 32. Nd6 b3 33. Rxf7+ Kg8 34. Rb7 Rb1 35. g4 b2 36. Rb8+ Kg7 37. Rb7+ Kg8 38. Rb8+ Kg7 39. Rb7+ Kg8 1/2-1/2


[Site "https://www.chess.com"]

[Event "Titled Tuesday Blitz June 21 Late 2022"]
[White "Wartiovaara, Oliver"]
[Black "Marin Masis, Jose Esteban"]
[WhiteFideId "513024"]
[BlackFideId "6508146"]
[WhiteElo "1971"]
[BlackElo "1710"]
[Result "1-0"]
[Round "03"]
[TimeControl "180+1"]
[Date "2022.06.22"]
[WhiteClock "0:00:22"]
[BlackClock "0:00:11"]

1. e4 c5 2. Nf3 Nc6 3. Bb5 d6 4. O-O Bd7 5. Re1 a6 6. Bf1 g6 7. c3 Bg7 8. h3 Nf6 9. d4 cxd4 10. cxd4 O-O 11. Nc3 Rc8 12. Bf4 Re8 13. Qd2 Nh5 14. Bg5 Qa5 15. Be3 b5 16. a3 Qc7 17. Rac1 Qb7 18. b4 Nf6 19. d5 Nxb4 20. axb4 Rxc3 21. Qxc3 Nxd5 22. Qd2 Nf6 23. Bd3 Bc6 24. Qc2 Rc8 25. Nd4 Bd7 26. Qb1 Re8 27. Nb3 Bc6 28. Na5 Bxe4 29. Nxb7 1-0


[Site "https://www.chess.com"]

[Event "Titled Tuesday Blitz June 21 Late 2022"]
[White "Weisz, Bryan"]
[Black "Koellner, Ruben Gideon"]
[WhiteFideId "30934133"]
[BlackFideId "12993093"]
[WhiteElo "2246"]
[BlackElo "2557"]
[Result "1/2-1/2"]
[Round "03"]
[TimeControl "180+1"]
[Date "2022.06.22"]
[WhiteClock "0:00:05"]
[BlackClock "0:00:08"]

1. e4 d6 2. d4 Nf6 3. Nc3 e5 4. dxe5 dxe5 5. Bd2 Be6 6. Nf3 Bd6 7. Ng5 Bd7 8. Bc4 O-O 9. Qe2 Nc6 10. Nb5 Bc5 11. O-O-O a6 12. Nc3 Nd4 13. Qf1 b5 14. Bb3 h6 15. Nf3 Nxf3 16. gxf3 c6 17. f4 exf4 18. Bxf4 Qe7 19. Rg1 Kh7 20. e5 Nh5 21. Qd3+ g6 22. Bxh6 Kxh6 23. Qxd7 Qxe5 24. Bxf7 Qf4+ 25. Kb1 Qxf7 26. Qxc6 Rac8 27. Qxa6 Bxf2 28. Rgf1 Qc4 29. Qxb5 Qxb5 30. Nxb5 Bc5 31. Rxf8 Rxf8 32. c3 Rf2 33. b4 Be3 34. a4 Rxh2 35. a5 Nf4 36. a6 Kg5 37. a7 Rh8 38. Rd7 Ra8 39. Rb7 Kf5 40. c4 Nd3 41. c5 Nxb4 42. Rb8 Rxa7 43. Nxa7 Bxc5 44. Rb5 Nd3 45. Kc2 Ke4 46. Nc6 Be3 47. Ne7 Ne5 48. Rb4+ Kf3 49. Kd1 g5 50. Nf5 Bf4 51. Rb3+ Ke4 52. Ng3+ Kd4 53. Ke2 Kc4 54. Ra3 Kb4 55. Rf3 Kc4 56. Ne4 Nxf3 57. Kxf3 Kd4 58. Nxg5 1/2-1/2


[Site "https://www.chess.com"]

[Event "Titled Tuesday Blitz June 21 Late 2022"]
[White "Winkels, Marcel"]
[Black "Gallegos Diaz, Carlos Alberto"]
[WhiteFideId "1003887"]
[BlackFideId "3900886"]
[WhiteElo "1900"]
[BlackElo "2362"]
[Result "0-1"]
[Round "03"]
[TimeControl "180+1"]
[Date "2022.06.22"]
[WhiteClock "0:00:01"]
[BlackClock "0:00:16"]

1. e4 d6 2. Nc3 Nf6 3. d4 c6 4. Bd2 e5 5. Nf3 Nbd7 6. Bd3 Be7 7. O-O O-O 8. Re1 Qc7 9. a4 Re8 10. h3 h6 11. d5 Bf8 12. Bc4 a6 13. a5 b5 14. axb6 Qxb6 15. Na4 Qc7 16. dxc6 Qxc6 17. Qe2 Bb7 18. Bd3 Nc5 19. Nxc5 Qxc5 20. c4 a5 21. Be3 Qc7 22. Bd2 Nd7 23. Bc3 Nc5 24. Bc2 Bc6 25. Nd2 Be7 26. Kh1 Reb8 27. f3 Bg5 28. Nf1 Nb3 29. Rad1 a4 30. Ne3 a3 31. bxa3 Rxa3 32. Bb1 Nc5 33. Bd2 Rb2 34. Nc2 Rab3 35. Bxg5 hxg5 36. Qd2 Nd3 37. Re3 Nf4 38. Rxb3 Rxb3 39. Ba2 Rb2 40. Bb1 Qb6 41. Qxd6 Qf2 42. Qd8+ Kh7 43. Qxg5 Rxb1 44. Rxb1 Qxc2 45. Rg1 Qf2 46. Qxe5 Ne2 47. Qh5+ Kg8 0-1


[Site "https://www.chess.com"]

[Event "Titled Tuesday Blitz June 21 Late 2022"]
[White "Xiong, Jeffery"]
[Black "Lobanov, Sergei"]
[WhiteFideId "2047640"]
[BlackFideId "24183750"]
[WhiteElo "2714"]
[BlackElo "2524"]
[Result "1-0"]
[Round "03"]
[TimeControl "180+1"]
[Date "2022.06.21"]
[WhiteClock "0:00:04"]
[BlackClock "0:00:06"]

1. e4 e5 2. Nf3 Nc6 3. Nc3 Nf6 4. d4 exd4 5. Nxd4 Bb4 6. Nxc6 bxc6 7. Bd3 d5 8. exd5 cxd5 9. O-O O-O 10. h3 c6 11. Qf3 h6 12. Bf4 Bd6 13. Rfe1 Rb8 14. b3 Be6 15. Ne2 c5 16. Rad1 Rb6 17. c3 Re8 18. Bc2 Bxf4 19. Nxf4 Rd6 20. Re5 d4 21. Rxc5 dxc3 22. Rxc3 Rxd1+ 23. Bxd1 Bf5 24. Bc2 Bxc2 25. Rxc2 Qd6 26. g3 g5 27. Rc6 Qe5 28. Nd3 Qa1+ 29. Kg2 Kg7 30. Qf5 Qd4 31. Rc7 Re2 32. Nc5 Qd6 33. Rxa7 Qc6+ 34. Kf1 Rd2 35. Ne6+ Kg8 36. Ke1 Rd6 37. Nxg5 Qc1+ 38. Ke2 Qd1+ 39. Ke3 Qd2+ 40. Kf3 hxg5 41. Kg2 Kg7 42. Qf3 Qd5 43. Ra4 Qxf3+ 44. Kxf3 Rd3+ 45. Ke2 Rc3 46. Rc4 Rxc4 47. bxc4 Nd7 48. Ke3 Kf6 49. Kd4 Ke6 50. a4 Kd6 51. a5 Nc5 52. h4 gxh4 53. gxh4 f5 54. h5 Ne6+ 55. Kc3 Kc5 56. h6 Ng5 57. Kd3 f4 58. Ke2 Kc6 59. Kd2 Kc5 60. Kd3 Kd6 61. Kd4 Kc6 62. c5 Kb5 63. Kd5 f3 64. c6 1-0


[Site "https://www.chess.com"]

[Event "Titled Tuesday Blitz June 21 Late 2022"]
[White "Yuan, Qingyu"]
[Black "Svane, Rasmus"]
[WhiteFideId "8609772"]
[BlackFideId "4657101"]
[WhiteElo "2359"]
[BlackElo "2674"]
[Result "0-1"]
[Round "03"]
[TimeControl "180+1"]
[Date "2022.06.21"]
[WhiteClock "0:00:02"]
[BlackClock "0:00:33"]

1. e4 c6 2. Nf3 d5 3. Nc3 dxe4 4. Nxe4 Nf6 5. Qe2 Nxe4 6. Qxe4 Qa5 7. b4 Qd5 8. Qe3 Bf5 9. c4 Qe4 10. Be2 Qxe3 11. fxe3 e6 12. Nh4 Bc2 13. a3 a5 14. Bb2 axb4 15. axb4 Rxa1+ 16. Bxa1 Bxb4 17. Bxg7 Rg8 18. Be5 Nd7 19. Bg3 Nc5 20. Bd6 Kd7 21. Bxc5 Bxc5 22. Kf2 Ra8 23. Nf3 f6 24. Ne1 Bb3 25. Nd3 b6 26. Rb1 Ra3 27. Nc1 Bc2 28. Rb2 Be4 29. d3 Rc3 30. Na2 Ra3 31. dxe4 Rxe3 32. Kf1 Rxe4 33. Rd2+ Kc7 34. Nc3 Rf4+ 35. Bf3 Rxc4 36. Ne4 Be7 37. Ke2 f5 38. Nf2 e5 39. g3 Bg5 40. Rb2 b5 41. Bg2 h5 42. Nd3 e4 43. Ne5 Rc1 44. h3 Rc3 0-1


[Site "https://www.chess.com"]

[Event "Titled Tuesday Blitz June 21 Late 2022"]
[White "Yurovskykh, Oleksandr"]
[Black "Fishbein, Mitch"]
[WhiteFideId "14134020"]
[BlackFideId "30922917"]
[WhiteElo "2292"]
[BlackElo "1939"]
[Result "1-0"]
[Round "03"]
[TimeControl "180+1"]
[Date "2022.06.22"]
[WhiteClock "0:02:07"]
[BlackClock "0:01:10"]

1. d4 Nf6 2. c4 g6 3. Nc3 d5 4. Nf3 Bg7 5. Bg5 Ne4 6. cxd5 Nxg5 7. Nxg5 e6 8. Nf3 exd5 9. e3 O-O 10. b4 a5 11. b5 c5 12. bxc6 Nxc6 13. Be2 Bf5 14. O-O Rc8 15. Qb3 Nb4 16. Rfc1 Qd7 17. a3 Nc6 18. Qxd5 Qxd5 19. Nxd5 Rfe8 20. Nb6 Rcd8 21. Bc4 Be4 22. Ng5 Kf8 23. Nxf7 Rd7 24. Nxd7+ 1-0


[Site "https://www.chess.com"]

[Event "Titled Tuesday Blitz June 21 Late 2022"]
[White "Adla, Diego"]
[Black "Melikhov, Evgeny V."]
[WhiteFideId "100072"]
[BlackFideId "4122046"]
[WhiteElo "2377"]
[BlackElo "1904"]
[Result "1-0"]
[Round "04"]
[TimeControl "180+1"]
[Date "2022.06.22"]
[WhiteClock "0:00:05"]
[BlackClock "0:00:04"]

1. e4 e5 2. Nf3 Nc6 3. d4 exd4 4. Nxd4 Bc5 5. Nb3 Bb6 6. Nc3 Nf6 7. Bg5 h6 8. Bh4 g5 9. Bg3 d6 10. Bb5 Bd7 11. Qe2 Nd4 12. Nxd4 Bxd4 13. Rd1 Bxc3+ 14. bxc3 Bxb5 15. Qxb5+ Qd7 16. Qxb7 O-O 17. e5 Qe7 18. O-O dxe5 19. Rfe1 Rfb8 20. Qc6 e4 21. h4 Re8 22. hxg5 hxg5 23. Qb5 Nh5 24. Rd5 f6 25. Rd7 Qe6 26. Bxc7 Rac8 27. c4 Re7 28. Rxe7 Qxe7 29. Bh2 Kg7 30. Qd5 Re8 31. c5 Kg6 32. c6 f5 33. Bd6 Qe6 34. Qxe6+ Rxe6 35. c7 Re8 36. Rb1 Nf6 37. Rb8 Kf7 38. Rxe8 Nxe8 39. c8=Q Nxd6 40. Qd7+ Kg6 41. Qxd6+ Kh5 42. Qd7 Kg4 43. Qxa7 f4 44. Qa6 1-0


[Site "https://www.chess.com"]

[Event "Titled Tuesday Blitz June 21 Late 2022"]
[White "Aksu, Vedat Ali"]
[Black "Mangialardo, Tiago Carvalho"]
[WhiteFideId "6304320"]
[BlackFideId "2130718"]
[WhiteElo "2293"]
[BlackElo "2091"]
[Result "1-0"]
[Round "04"]
[TimeControl "180+1"]
[Date "2022.06.22"]
[WhiteClock "0:01:28"]
[BlackClock "0:00:16"]

1. Nf3 Nf6 2. c4 Nc6 3. Nc3 e5 4. e3 d5 5. cxd5 Nxd5 6. a3 Be7 7. Qc2 O-O 8. Ne4 Be6 9. h4 f5 10. Neg5 Bc8 11. Bc4 e4 12. Nxe4 fxe4 13. Qxe4 Rf5 14. g4 Rxf3 15. Bxd5+ Kh8 16. Qxf3 Ne5 17. Qe4 Bf6 18. g5 c6 19. gxf6 gxf6 20. Bc4 b5 21. Be2 Bb7 22. d4 Ng6 23. h5 Nf8 24. Rg1 Qd7 25. Qg4 Qf7 26. Bd2 a5 27. Rc1 Ne6 28. Bd3 c5 29. Be4 Re8 30. Bxb7 Qxb7 31. dxc5 Ng5 32. Bc3 Nf3+ 33. Ke2 1-0


[Site "https://www.chess.com"]

[Event "Titled Tuesday Blitz June 21 Late 2022"]
[White "Aldokhin, Ivan"]
[Black "Bintang, Rasyid A. Hidayat"]
[WhiteFideId "24115720"]
[BlackFideId "7105355"]
[WhiteElo "2231"]
[BlackElo "2408"]
[Result "1-0"]
[Round "04"]
[TimeControl "180+1"]
[Date "2022.06.22"]
[WhiteClock "0:00:02"]
[BlackClock "0:00:01"]

1. d4 d5 2. c4 Nc6 3. Nc3 Nf6 4. cxd5 Nxd5 5. e4 Nxc3 6. bxc3 e5 7. d5 Nb8 8. Bd3 Bd6 9. Ne2 Nd7 10. O-O Qe7 11. Kh1 Nc5 12. Bc2 O-O 13. Ng3 g6 14. Bh6 Rd8 15. Qd2 b6 16. f4 exf4 17. Bxf4 Nd7 18. Rae1 Bxf4 19. Qxf4 Ne5 20. h3 Ba6 21. Rf2 Rf8 22. Qh6 f6 23. Rd1 Rad8 24. Bb3 Bc4 25. Ne2 Nd3 26. Rxd3 Bxb3 27. axb3 Qxe4 28. Rd4 Qb1+ 29. Kh2 Qxb3 30. Nf4 Rd7 31. Ne6 Rff7 32. c4 Qc3 33. Rdf4 Qe5 34. Kh1 c6 35. Qh4 g5 36. Qg4 h5 37. Qg3 cxd5 38. cxd5 Rxd5 39. Nxg5 Qxg5 40. Qb3 Qe5 41. R4f3 Qe1+ 42. Rf1 Qe5 43. Rg3+ Kf8 44. Re3 Qd6 45. Ref3 a5 46. Qe3 Re5 47. Qh6+ Ke7 48. Qg6 Qe6 49. Rc3 1-0


[Site "https://www.chess.com"]